 Dungeon Crawl Stone Soup version 0.21-a0-471-gd587bd5 (webtiles) character file.

77 dududu the Skirmisher (level 4, -1/36 HPs)
             Began as a Demonspawn Fighter on Nov 21, 2017.
             Killed by divine providence
             ... invoked by an orc priest
              (11 damage)
             ... on level 3 of the Dungeon.
             The game lasted 00:04:05 (1869 turns).

dududu the Skirmisher (Demonspawn Fighter)          Turns: 1869, Time: 00:04:07

Health: -1/36      AC:  6    Str: 17    XL:     4   Next: 13%
Magic:  4/4        EV:  7    Int: 10    God:
Gold:   163        SH:  9    Dex: 12    Spells: 3/3 levels left

rFire    . . .     SeeInvis .   a - +0 long sword
rCold    . . .     Gourm    .   c - +0 shield
rNeg     . . .     Faith    .   b - +0 scale mail
rPois    .         Spirit   .   (helmet unavailable)
rElec    .         Reflect  .   (no cloak)
rCorr    .         Harm     .   (no gloves)
MR       .....                  (no boots)
Stlth    ..........             (no amulet)
HPRegen  0.12/turn              (no ring)
MPRegen  0.09/turn              (no ring)

@: no status effects
A: horns 3
a: no special abilities


You were on level 3 of the Dungeon.
You were not hungry.

You visited 1 branch of the dungeon, and saw 3 of its levels.

You collected 163 gold pieces.

Inventory:

Hand Weapons
 a - a +0 long sword (weapon)
Missiles
 q - 22 sling bullets
 t - 14 poisoned needles
Armour
 b - a +0 scale mail (worn)
 c - a +0 shield (worn)
Scrolls
 e - 2 scrolls of identify {unknown}
 h - 2 scrolls of enchant weapon {unknown}
 i - 2 scrolls of remove curse {unknown}
 k - a scroll of noise {unknown}
 o - 2 scrolls of immolation {unknown}
 r - a scroll of amnesia {unknown}
 s - 2 scrolls of teleportation {unknown}
 u - a scroll of fog {unknown}
 v - a scroll of blinking {unknown}
 w - 3 scrolls of random uselessness {unknown}
Potions
 d - a potion of might
 l - a potion of heal wounds {unknown}
 m - a potion of curing {unknown}
 p - 2 potions of agility {unknown}
Comestibles
 f - 6 bread rations
 j - 3 royal jellies
 n - 3 meat rations


   Skills:
 + Level 3.6 Fighting
 * Level 3.1 Long Blades
 - Level 2.8 Armour
 - Level 3.0 Shields


You had 3 spell levels left.
You didn't know any spells.

Dungeon Overview and Level Annotations

Branches:
Dungeon (3/15)

Altars:


Innate Abilities, Weirdness & Mutations

You have a pair of large horns on your head.


Message History

You slash the orc priest!
The orc priest is severely wounded.
The orc priest invokes the aid of Beogh against you.
Beogh smites you!
You hear an angry hiss.
You slash the orc!
You kill the orc!
The orc priest mumbles some strange prayers to Beogh against you.
Beogh smites you!
* * * LOW HITPOINT WARNING * * *
A frilled lizard comes into view.
You hit the orc.
You kill the orc!
You closely miss the orc priest. You headbutt the orc priest.
The orc priest is almost dead.
The orc priest invokes the aid of Beogh against you.
You barely resist.
The orc priest mumbles some strange prayers to Beogh against you.
Beogh smites you!
You die...

.#. ... ... #.# #l##
#.. #o# .# #@##.#.##
#####........ #####
#.......##.##
##...#######.###.#.##.#
......##..............#
.......#.###........##
...........<....##..#
## ##
.......#.###........#
#...#
.#....##.####.#####.#
#...#


You could see an orc priest and a frilled lizard.

Vanquished Creatures
  An adder (D:2)
  2 worms (D:2)
  2 dart slugs (D:1)
  A leopard gecko (D:2)
  2 orcs (D:3)
  6 giant cockroaches
  4 hobgoblins
  6 jackals
  8 kobolds
  5 bats
  2 frilled lizards (D:2)
  6 goblins
  5 rats
50 creatures vanquished.

Notes
Turn   | Place    | Note
-------+----------+-------------------------------------------
     0 | D:1      | dududu the Demonspawn Fighter began the quest for the Orb.
     0 | D:1      | Reached XP level 1. HP: 18/18 MP: 1/1
   161 | D:1      | Gained mutation: You have a pair of small horns on your head. [demonic ancestry]
   161 | D:1      | Reached XP level 2. HP: 20/24 MP: 2/2
   493 | D:1      | Gained mutation: You have a pair of horns on your head. [demonic ancestry]
   493 | D:1      | Reached XP level 3. HP: 26/29 MP: 3/3
  1626 | D:3      | Gained mutation: You have a pair of large horns on your head. [demonic ancestry]
  1626 | D:3      | Reached XP level 4. HP: 36/36 MP: 4/4
  1869 | D:3      | Killed from afar by an orc priest

Vault maps used:
D:1:      elethiomel_arrival_quiet
D:3:      supply_closet_lemuel, fedhas_altar_2

Skill      XL: |  1  2  3 |
---------------+----------+-----
Long Blades    | 2 3 |  3.1
Shields        | 3 |  3.0
Fighting       | |  3.6
Armour         | |  2.8

Action                   |  1- 3 |  4- 6 || total
-------------------------+-------+-------++-------
Melee: Long sword        |   106 |    11 ||   117
       Headbutt          |    12 |     1 ||    13
  Eat: Chunk             |     1 |     2 ||     3
Armor: Scale mail        |    39 |     7 ||    46
Dodge: Dodged            |    24 |     1 ||    25
Block: Shield            |    37 |     7 ||    44
       Rpst.: Long sword |     8 |       ||     8

Table legend:
 A = Spawn XP
 B = Non-spawn XP
 C = Spawn XP percentage of total XP
 D = Spawn monster count
 E = Non-spawn monster count
 F = Spawn count percentage of total count
 G = Total turns spent on level
                    A         B        C        D         E        F      G
               +---------+---------+-------+---------+---------+-------+---------
         Total |       0 |     110 |   0.0 |       0 |      50 |   0.0 |  1869
               +---------+---------+-------+---------+---------+-------+---------
           D:1 |       0 |      44 |   0.0 |       0 |      24 |   0.0 |   756
           D:2 |       0 |      52 |   0.0 |       0 |      20 |   0.0 |   868
           D:3 |       0 |      14 |   0.0 |       0 |       6 |   0.0 |   245
               +---------+---------+-------+---------+---------+-------+---------
